 Dungeon Crawl Stone Soup version 0.30-a0-381-g6ea064c7b4 (webtiles) character file.

Game seed: 5306793094353424140

6846 qeuew the Cleaver (level 11, 0/85 HPs)
             Began as a Hill Orc Fighter on Dec 2, 2022.
             Was a Plaything of Xom.
             Slain by a tyrant leech (glowing shapeshifter) (25 damage)
             ... on level 9 of the Dungeon.
             The game lasted 00:10:05 (8486 turns).

qeuew the Cleaver (Hill Orc Fighter)                Turns: 8486, Time: 00:10:05

Health: 0/85       AC: 16    Str: 29 (30) XL:     11   Next: 6%
Magic:  11/11      EV: 10    Int:  8      God:    Xom [*.....]
Gold:   405        SH: 11    Dex: 16      Spells: 10/10 levels left

rFire   + + .      SeeInvis +    f - +5 broad axe of Uzidweng {speed, rF++ SInv}
rCold   . . .      Faith    .    c - +0 buckler
rNeg    . . .      Spirit   .    w - +3 plate armour
rPois   +          Reflect  +    (helmet restricted)
rElec   .          Harm     .    (no cloak)
rCorr   .          Rampage  .    (no gloves)
Will    .....                    (no boots)
Stlth   ..........               k - amulet of reflection
HPRegen 0.34/turn                h - +6 ring of strength
MPRegen 0.12/turn                i - +6 ring of dexterity

@: mighty
A: horns 1, talons 1, deterioration 1, frail 1, poison resistance, screaming 1,
noise suppression
a: Renounce Religion


You were on level 9 of the Dungeon.
You worshipped Xom.
You were a special plaything of Xom.
You visited 2 branches of the dungeon, and saw 10 of its levels.

You collected 405 gold pieces.

Inventory:

Hand Weapons
 f - the +5 broad axe of Uzidweng (weapon) {speed, rF++ SInv}
   (You acquired it on level 3 of the Dungeon)

   Attacks with this weapon are significantly faster.
   rF:        It greatly protects you from fire.
   SInv:      It lets you see invisible.
Missiles
 p - 3 throwing nets (quivered)
Armour
 c - a +0 buckler (worn)
 w - a +3 plate armour (worn)
Jewellery
 h - a +6 ring of strength (left hand)
 i - a +6 ring of dexterity (right hand)
 k - an amulet of reflection (around neck)
Wands
 b - a wand of polymorph (4)
 n - a wand of flame (32)
 q - a wand of digging (5)
 t - a wand of iceblast (12)
Scrolls
 a - 2 scrolls of identify
 m - 2 scrolls of blinking
 r - 4 scrolls of teleportation
 s - 2 scrolls of fear
 u - a scroll of enchant weapon
 x - a scroll of enchant armour
 y - 2 scrolls of poison
Potions
 d - 3 potions of might
 e - 2 potions of heal wounds
 g - a potion of curing
 j - a potion of invisibility
 l - a potion of magic
 o - a potion of haste
 z - a potion of ambrosia


   Skills:
 + Level 8.9 Fighting
 + Level 9.3 Axes
 + Level 8.2 Armour
 + Level 5.6 Dodging
 + Level 8.2 Shields
 + Level 6.3 Evocations


You had 10 spell levels left.
You didn't know any spells.
Your spell library contained the following spells:

 Spells                   Type           Power      Damage    Failure   Level
 Beastly Appendage        Tmut           0%         N/A       99%         1
 Blink                    Tloc           0%         N/A       100%        2
 Cigotuvi's Dreadful Rot  Necr/Pois/Air  0%         N/A       100%        2
 Ensorcelled Hibernation  Hex/Ice        0%         N/A       100%        2
 Passwall                 Tmut/Erth      0%         N/A       100%        2
 Poisonous Vapours        Pois/Air       0%         N/A       100%        2
 Sublimation of Blood     Necr           0%         N/A       100%        2
 Wereblood                Tmut           0%         N/A       100%        2
 Mephitic Cloud           Conj/Pois/Air  0%         N/A       100%        3
 Spider Form              Tmut/Pois      0%         N/A       100%        3
 Swiftness                Air            0%         N/A       100%        3
 Manifold Assault         Tloc           0%         N/A       100%        4
 Storm Form               Tmut/Air       0%         N/A       100%        7
 Summon Hydra             Summ           0%         N/A       100%        7


Dungeon Overview and Level Annotations

Branches:
Dungeon (9/15)             Temple (1/1) D:6            Lair (0/5) D:8
    Orc (0/2) D:9

Altars:
Ashenzari
Cheibriados
Dithmenos
Elyvilon
Fedhas
Gozag
Hepliaklqana
Kikubaaqudgha
Makhleb
Nemelex Xobeh
Okawaru
Qazlal
Ru
Sif Muna
Uskayaw
Vehumet
Wu Jian
Xom
Yredelemnul
The Shining One
Beogh

Annotations:
D:5 3 runed translucent doors, Spess's ghost, novice DrMo
Temple 4 transporters


Innate Abilities, Weirdness & Mutations

You have a pair of small horns on your head.
You have sharp toenails.
Your body sometimes deteriorates upon taking damage.
You are frail. (-10% HP)
Your system is resistant to poisons. (rPois)
You occasionally shout uncontrollably at your foes.
You passively dampen the noise of your surroundings.


Message History

The shining eye changes into an anaconda!
Items here: ))) [[.
You miss the anaconda.
Your kick misses the anaconda. "Serve the mortal, my child!"
The anaconda grabs you. The anaconda closely misses you.
The anaconda constricts you.
You slash the anaconda! You claw the anaconda!
The anaconda is moderately wounded.
The anaconda bites you but does no damage.
The anaconda constricts you.
You hit the anaconda. You claw the anaconda!
The anaconda is heavily wounded.
The anaconda closely misses you. The anaconda constricts you.
The anaconda bites you!
* * * LOW HITPOINT WARNING * * *
Your body deteriorates!
You feel weakened. The anaconda constricts you.
* * * LOW HITPOINT WARNING * * *
You feel much better. The tyrant leech loses its grip on you.
The anaconda changes into a tyrant leech!
Unknown command.
You closely miss the tyrant leech. You claw the tyrant leech.
Your headbutt misses the tyrant leech.
The tyrant leech is lightly wounded.
You miss the tyrant leech. You claw the tyrant leech!
Your headbutt misses the tyrant leech.
The tyrant leech is moderately wounded.
You block the tyrant leech's attack.
You slice the tyrant leech!! You claw the tyrant leech!
The tyrant leech is severely wounded.
You hit the tyrant leech.
The tyrant leech is almost dead.
The tyrant leech bites you!
* * * LOW HITPOINT WARNING * * *
The tyrant leech draws strength from your injuries!
You miss the tyrant leech. Your kick misses the tyrant leech.
The tyrant leech is almost dead.
The tyrant leech bites you!!
You die... "Huh?
Did I miss anything?"

..............###.......##..####.
..........##.## ##.....####......
........####.# ##.....###......
.......## ##.### #......##.###..
.......####....#####........##...
.##.............................#
####...8.....).).....8####...####
####...######))†######.....###
.......#......)5@w...#.....##
.......#....#####)...####>..###
.....#.#.###.....###.# ##....###
.....###.#8#..8..#8#.# ##.##...#
.....# #.............# ##.#####..
.....# #8....[_.....8###..# ##.
.....# ##############.#..### ##
.....# #.....## #........#####
.....####.###..# ###.###......#


You could see a tyrant leech shaped shifter (ally target) and a friendly iron
imp (summoned).

Vanquished Creatures
  A two-headed ogre (D:8)
  The ghost of tio the Reanimator, a novice DsNe of Gozag (D:9)
  A harpy (D:9)
  Sigmund (D:5)
  A wraith (D:9)
  3 wyverns
  A yak (D:8)
  A basilisk (D:8)
  2 steam dragons (D:7)
  A warg (D:9)
  2 water moccasins
  3 orc warriors (D:9)
  2 sky beasts
  A black bear (D:8)
  An ice beast (D:6)
  5 ogres
  6 centaurs
  A phantom (D:5)
  A bullfrog (D:6)
  2 kobold brigands
  Blork the orc (D:5)
  A gnoll sergeant (D:5)
  A necrophage (D:6)
  3 scorpions
  5 wights (D:9)
  9 killer bees
  5 hounds
  A jelly (D:7)
  Crazy Yiuf (D:3)
  3 orc priests
  A gnoll bouda (D:8)
  3 iguanas
  5 orc wizards
  19 gnolls
  4 adders
  A white imp (D:5)
  An ufetubus (D:6)
  A worm (D:2)
  3 dart slugs
  32 orcs
  5 endoplasms
  5 goblins
  9 hobgoblins
  6 jackals
  15 kobolds
  7 quokkas
  3 ball pythons
  7 bats
  4 frilled lizards
  3 rats
201 creatures vanquished.

Vanquished Creatures (collateral kills)
  An orc warrior (D:6)
  A scorpion (D:6)
  A gnoll sergeant (D:6)
  3 gnolls (D:6)
  A white imp (D:6)
  An endoplasm (D:6)
8 creatures vanquished.

Vanquished Creatures (others)
  An orc (D:7)
  A fungus (D:8)
  3 plants (D:8)
5 creatures vanquished.

Grand Total: 214 creatures vanquished

Notes
Turn   | Place    | Note
-------+----------+-------------------------------------------
     0 | D:1      | qeuew the Hill Orc Fighter began the quest for the Orb.
     0 | D:1      | Reached XP level 1. HP: 19/19 MP: 1/1
   207 | D:1      | Reached skill level 3 in Axes
   207 | D:1      | Reached XP level 2. HP: 27/27 MP: 2/2
   688 | D:1      | Found a faded altar of an unknown god.
   705 | D:1      | Prayed at the altar of an unknown god.
   705 | D:1      | Became a worshipper of Xom of Chaos
   977 | D:2      | Reached XP level 3. HP: 33/33 MP: 3/3
  1079 | D:2      | Found an ancient bone altar of Kikubaaqudgha.
  1457 | D:3      | Reached XP level 4. HP: 40/40 MP: 4/4
  1506 | D:3      | Found a basalt altar of Yredelemnul.
  1560 | D:3      | Reached skill level 1 in Dodging
  1672 | D:3      | XOM: silly message
  1799 | D:3      | XOM: 7-stop teleportation journey
  1834 | D:3      | XOM: give mutations
  1834 | D:3      | Gained mutation: You occasionally shout uncontrollably at
                  | your foes. [Xom's mischief]
  1834 | D:3      | Gained mutation: Your body sometimes deteriorates upon
                  | taking damage. [Xom's mischief]
  1834 | D:3      | Gained mutation: You are dopey. (Int -2) [Xom's mischief]
  1834 | D:3      | Gained mutation: You are frail. (-10% HP) [Xom's mischief]
  1838 | D:3      | Identified a scroll of acquirement
  1838 | D:3      | Acquired the +5 broad axe of Uzidweng {speed, rF++ SInv}
  1876 | D:4      | XOM: cloud trail
  1912 | D:4      | Reached skill level 4 in Axes
  1912 | D:4      | Reached XP level 5. HP: 42/42 MP: 5/5
  2175 | D:4      | Found a hide-covered altar of Uskayaw.
  2252 | D:4      | Reached skill level 1 in Evocations
  2477 | D:3      | Found a runed translucent door.
  2478 | D:3      | Noticed Crazy Yiuf
  2483 | D:3      | Killed Crazy Yiuf
  2484 | D:3      | Reached XP level 6. HP: 35/47 MP: 6/6
  2590 | D:4      | XOM: butterfly on damage
  2592 | D:4      | Reached skill level 5 in Fighting
  2834 | D:4      | Found a shadowy altar of Dithmenos.
  2837 | D:4      | Found an ancient bone altar of Kikubaaqudgha.
  3383 | D:5      | Entered Level 5 of the Dungeon
  3424 | D:5      | Found a runed translucent gate.
  3425 | D:5      | Found a runed translucent gate.
  3426 | D:5      | Found a runed translucent gate.
  3441 | D:5      | Noticed Spess's ghost (novice DrMo)
  3441 | D:5      | Noticed a yak
  3456 | D:5      | Noticed Sigmund
  3458 | D:5      | XOM: noise
  3463 | D:5      | Killed Sigmund
  3464 | D:5      | Reached skill level 5 in Axes
  3464 | D:5      | Reached XP level 7. HP: 36/54 MP: 7/7
  3726 | D:5      | Noticed Blork the orc
  3730 | D:5      | Reached skill level 5 in Armour
  3730 | D:5      | Reached skill level 5 in Shields
  3733 | D:5      | Killed Blork the orc
  3734 | D:5      | Reached XP level 8. HP: 26/62 MP: 8/8
  3741 | D:5      | XOM: confuse monster(s)
  3896 | D:5      | XOM: summons friendly quasit
  3912 | D:5      | HP: 2/63 [gnoll sergeant/+0 trident of protection (6)]
  4087 | D:5      | XOM: scenery: create altars
  4456 | D:6      | Found a staircase to the Ecumenical Temple.
  4464 | Temple   | Entered the Ecumenical Temple
  4464 | Temple   | Found a transporter.
  4464 | Temple   | Found a transporter.
  4466 | Temple   | Found a transporter.
  4466 | Temple   | Found a transporter.
  4468 | Temple   | XOM: give mutations
  4468 | Temple   | Gained mutation: You passively dampen the noise of your
                  | surroundings. [Xom's grace]
  4468 | Temple   | Gained mutation: You have sharp toenails. [Xom's grace]
  4468 | Temple   | Gained mutation: You have a pair of small horns on your
                  | head. [Xom's grace]
  4502 | Temple   | XOM: scenery: create altars
  4515 | D:6      | Reached skill level 6 in Axes
  4515 | D:6      | XOM: summons 8 friendly demons
  4725 | D:6      | Noticed a wyvern
  4737 | D:6      | Killed a wyvern
  4738 | D:6      | Reached XP level 9. HP: 34/70 MP: 9/9
  4924 | D:6      | XOM: cast spell 'Death Channel'
  5078 | D:6      | Reached skill level 7 in Axes
  5258 | D:6      | XOM: cast spell 'Summon Hydra'
  5266 | D:6      | XOM: smoke on damage
  5597 | D:7      | XOM: summons 4 friendly demons
  5680 | D:7      | XOM: summons 3 friendly demons
  5891 | D:7      | XOM: confuse monster(s)
  6046 | D:7      | XOM: summons 5 friendly demons
  6215 | D:8      | Found a staircase to the Lair.
  6216 | D:8      | XOM: destruction
  6228 | D:8      | Reached skill level 5 in Evocations
  6228 | D:8      | Reached XP level 10. HP: 34/79 MP: 10/10
  6579 | D:8      | Found a sacrificial altar of Ru.
  6580 | D:8      | Found a snail-covered altar of Cheibriados.
  6580 | D:8      | Found a radiant altar of Vehumet.
  6581 | D:8      | Found an ornate altar of the Wu Jian Council.
  6584 | D:8      | Reached skill level 8 in Axes
  6667 | D:8      | Noticed a two-headed ogre
  6677 | D:8      | Killed a two-headed ogre
  6678 | D:8      | XOM: give mutations
  6678 | D:8      | Lost mutation: You are dopey. (Int -2) [Xom's mischief]
  6678 | D:8      | Gained mutation: Your system is resistant to poisons.
                  | (rPois) [Xom's mischief]
  6819 | D:8      | XOM is BORED!
  6980 | D:8      | XOM: summons 1 hostile demon
  7029 | D:8      | XOM: swap monsters
  7032 | D:8      | Reached skill level 5 in Dodging
  7035 | D:8      | XOM: smoke on damage
  7397 | D:9      | XOM: swap monsters
  7399 | D:9      | XOM: noise
  7402 | D:9      | a hornet changed into a harpy
  7402 | D:9      | Noticed a harpy
  7402 | D:9      | XOM: polymorph hornet -> harpy
  7403 | D:9      | XOM: enchant monster (bad)
  7407 | D:9      | Killed a harpy
  7501 | D:9      | Reached skill level 9 in Axes
  7833 | D:9      | Found a staircase to the Orcish Mines.
  7971 | D:9      | Found a sparkling altar of Nemelex Xobeh.
  8161 | D:9      | Found a runed translucent gate.
  8161 | D:9      | Found a runed translucent gate.
  8175 | D:9      | Found a runed translucent gate.
  8176 | D:9      | Noticed tio's ghost (novice DsNe)
  8444 | D:9      | Found a roughly hewn altar of Beogh.
  8463 | D:9      | Killed tio's ghost
  8467 | D:9      | Reached XP level 11. HP: 46/85 MP: 11/11
  8467 | D:9      | an orc changed into a glowing shapeshifter
  8467 | D:9      | Noticed a glowing shapeshifter (glowing shapeshifter)
  8467 | D:9      | XOM: polymorph orc -> glowing shapeshifter
  8468 | D:9      | a glowing shapeshifter changed into a shining eye
  8468 | D:9      | Noticed a shining eye (glowing shapeshifter)
  8474 | D:9      | Noticed a faun
  8476 | D:9      | a faun changed into a shining eye
  8476 | D:9      | Noticed a shining eye (glowing shapeshifter)
  8477 | D:9      | a shining eye changed into an anaconda
  8477 | D:9      | Noticed an anaconda (glowing shapeshifter)
  8478 | D:9      | XOM: summons friendly iron imp
  8481 | D:9      | an anaconda changed into a tyrant leech
  8486 | D:9      | Slain by a tyrant leech (glowing shapeshifter)

Illustrated notes

Levels and vault maps discovered:
D:1:      evilmike_arrival_plus, layout_basic,
          hellmonk_ecumenical_altar_inner_sanctum
D:2:      layout_loops_ring, basic_altar, st_stairs_11,
          minmay_stone_trees_small, chequers_serial_rivers_marsh
D:3:      layout_basic, mainiacjoe_overflow_brackets, uniq_crazy_yiuf_cottage
D:4:      layout_layer_cave, mainiacjoe_overflow_paths,
          nicolae_overflow_hidden_temple, skrybe_limestone_x
D:5:      layout_loops_ring, gammafunk_ghost_split, kennysheep_cross_room,
          lightli_minifort, uniq_blork_the_orc, uniq_sigmund
D:6:      layout_cave_pools, minmay_temple_entry_crystal_x,
          kennysheep_generic_room_16
D:7:      layout_rooms
D:8:      layout_gridville, chequers_temple_overflow_statue_of_worship,
          david_lair_generic
D:9:      layout_layer_cave, nemelex_xobeh_ov_fountains_minmay, orc_0_dummy,
          biasface_ghost_orc_armoury
Temple:   hellmonk_temple_divided_pantheon

Skill      XL: |  1  2  3  4  5  6  7  8  9 10 |
---------------+-------------------------------+-----
Axes           | 3 4 5 6 7 9 |  9.3
Fighting       | 4 5 6 7 8 |  8.9
Dodging        | 1 2 3 4 5 |  5.6
Armour         | 4 5 6 7 8 |  8.2
Shields        | 4 5 6 7 8 |  8.2
Evocations     | 1 2 3 5 6 |  6.3

Action                   |  1- 3 |  4- 6 |  7- 9 | 10-12 || total
-------------------------+-------+-------+-------+-------++-------
Melee: War axe           |    86 |    20 |       |       ||   106
       Broad axe         |       |    46 |   148 |   100 ||   294
       Kick              |       |       |    24 |    34 ||    58
       Headbutt          |       |       |    15 |    14 ||    29
  Use: Scroll            |     8 |     6 |     3 |     2 ||    19
       Potion            |     1 |       |     6 |     2 ||     9
 Stab: Confused          |       |       |     1 |     1 ||     2
Armor: Scale mail        |    36 |    13 |    41 |     2 ||    92
       Plate armour      |       |       |       |    48 ||    48
Dodge: Dodged            |    31 |    19 |    63 |    47 ||   160
Block: Buckler           |    37 |    26 |    93 |    78 ||   234
       Reflection        |     5 |       |    11 |     5 ||    21

Table legend: (Time is in decaauts)
 A = Elapsed time spent in this place.
 B = Non-inter-level travel time spent in this place.
 C = Inter-level travel time spent in this place.
 D = Time resting spent in this place.
 E = Time spent auto-exploring this place.
 F = Levels seen in this place.
 G = Mean time per level.
                   A        B        C        D        E       F      G
               +--------+--------+--------+--------+--------+-----+--------+
         Total |   8489 |   8254 |    235 |      0 |   7164 |  10 |  848.9 |
       Dungeon |   8445 |   8217 |    228 |      0 |   7163 |   9 |  938.3 |
        Temple |     43 |     36 |      7 |      0 |      1 |   1 |   43.0 |
               +--------+--------+--------+--------+--------+-----+--------+

Top non-repeatable levels by time:
     D:4: 1424 daAuts
     D:9: 1231 daAuts
     D:8: 1151 daAuts
     D:6: 1096 daAuts
     D:5: 1068 daAuts
     D:1: 754 daAuts
     D:2: 685 daAuts
     D:3: 542 daAuts
     D:7: 491 daAuts
  Temple: 43 daAuts
